Unix NetHack Version 3.7.0-89 Work-in-progress - last build Sep 24 2023 19:26:52 (48e034876007844a536bf88644040a71d2893410,branch:master). Game began 2023-10-01 12:14:45, ended 2023-10-06 07:53:25. nazult, lawful female human Valkyrie ------ .....| ----.| .@.| V|.| |.. |.| -----.- --- |.....| |.---.| |...| --.--- |...| .|.- |.. Nazult the Skirmisher St:18 Dx:16 Co:18 In:8 Wi:10 Ch:12 Lawful S:6497 Dlvl:12 $:45 HP:0(49) Pw:10(10) AC:0 Xp:5/319 T:4813 Burdened Latest messages: You see here a dagger. o - a dagger (at the ready) (5 in total). The large cat is hit by a dart! You are carrying too much to get through. You are carrying too much to get through. A trap door opens up under you! You see here a gold spellbook. You have a little trouble lifting a gold spellbook. Continue? [ynq] (q) y You have a little trouble lifting N - a gold spellbook. Your movements are slowed slightly because of your load. What do you want to drop? [$a-cf-hkm-qs-zA-N or ?*] * What do you want to drop? [$a-cf-hkm-qs-zA-N or ?*] * What do you want to drop? [$a-cf-hkm-qs-zA-N or ?*] Never mind. You hit the wolf! The wolf misses! The wolf bites! You hit the wolf! The wolf bites! You hit the wolf! You kill the wolf! The seemingly dead wolf suddenly transforms and rises as a vampire lord! The vampire lord hits! The vampire lord bites! Farvel level 8. You hit the orc mummy! The vampire lord hits! The vampire lord bites! You miss the orc mummy. You hit the orc mummy! The vampire lord hits! The vampire lord bites! Farvel level 7. You feel slow! The orc mummy hits! The vampire lord hits! The vampire lord bites! The orc mummy hits! What do you want to zap? [gBH or ?*] * In what direction? . You materialize in a different location! The vampire lord hits! The vampire lord bites! Farvel level 6. You die... Do you want your possessions identified? [ynq] (y) y Do you want to see your attributes? [ynq] (y) y Do you want an account of creatures vanquished? [ynaq] (y) y Do you want to see your conduct and achievements? [ynq] (y) y Do you want to see the dungeon overview? [ynq] (y) y Inventory: Coins $ - 45 gold pieces Weapons b - a +0 dagger o - 5 +0 daggers (at the ready) a - a +1 spear (weapon in hand) Armor E - an uncursed +0 helmet t - a cursed -1 helmet (being worn) D - an uncursed +0 pair of gauntlets of dexterity (being worn) u - an uncursed +0 pair of iron shoes (being worn) q - a cursed -1 pair of levitation boots c - an uncursed +3 small shield (being worn) v - an uncursed +0 dwarvish cloak (being worn) p - an uncursed +0 ring mail (being worn) Comestibles m - 3 uncursed food rations J - an uncursed partly eaten food ration y - an uncursed fortune cookie G - 3 uncursed tripe rations Scrolls s - a cursed scroll of amnesia I - an uncursed scroll of magic mapping k - an uncursed scroll of teleportation Spellbooks N - an uncursed spellbook of identify h - an uncursed spellbook of levitation Potions L - an uncursed potion of gain energy M - an uncursed potion of healing x - 2 uncursed potions of object detection Rings F - an uncursed ring of fire resistance Wands g - a wand of cold (0:7) H - a wand of magic missile (0:3) B - a wand of teleportation (0:2) Tools K - an uncursed blindfold f - an uncursed lock pick A - an uncursed mirror w - a +0 pick-axe (alternate weapon; not wielded) z - an uncursed skeleton key C - an uncursed tin whistle Gems/Stones n - an uncursed worthless piece of green glass Nazult the Valkyrie's attributes: Background: You were a Skirmisher, a level 5 human Valkyrie. You were lawful, on a mission for Tyr who was opposed by Odin (neutral) and Loki (chaotic). You were in the Gnomish Mines, on level 12. You entered the dungeon 4813 turns ago. You had 319 experience points, 1 more was needed to attain level 6. Your score was 6497 before end-of-game adjustments. Basics: You had 0 out of 49 hit points. You had all 10 energy points (spell power). Your armor class was 0. Your wallet contained 45 zorkmids. Autopickup was off. Final Characteristics: Your strength was 18 (limit:18/100). Your dexterity was 16 (limit:18). Your constitution was 18 (limit:18). Your intelligence was 8 (limit:18). Your wisdom was 10 (limit:18). Your charisma was 12 (limit:18). Final Status: You were not hungry. You were burdened; movement was slightly slowed. You were wielding a spear. You were skilled in spear. Final Attributes: You were piously aligned. You were cold resistant. You were telepathic. You were stealthy. You were warded. You are dead. Miscellaneous: You never encountered a bones level. Total elapsed playing time was 1 hour, 51 minutes and 58 seconds. Major events: Turn 1: nazult the lawful human Valkyrie entered the dungeon 1104: attained the rank of Skirmisher (level 3) 1381: entered the Gnomish Mines 1928: reached Mine Town 2666: attained the rank of Fighter (level 6) 4813: killed by a vampire lord Vanquished creatures: a gelatinous cube 3 watchmen a giant beetle 4 winter wolf cubs a leprechaun 2 giant spiders a black light a vampire bat 2 dust vortices a human zombie a quasit a wood nymph a water nymph 6 Mordor orcs a rock mole 2 ponies 2 yellow lights 11 gnome leaders 5 gnomish wizards a gray ooze an elf zombie 4 giant ants a floating eye 10 dwarves a rabid rat 3 iguanas 14 killer bees a gas spore a hobgoblin a giant rat 4 cave spiders a yellow mold 60 gnomes a gnome zombie 4 geckos 18 jackals 2 foxes 2 kobolds 5 goblins 2 sewer rats 3 grid bugs 2 bats 3 lichens 3 kobold zombies 4 newts 199 creatures vanquished. No species were genocided or became extinct. Voluntary challenges: You read items or engraved 6 times. You never engraved Elbereth. You never genocided any monsters. You never polymorphed an object. You never changed form. You used no wishes. Achievements: You entered a shop. You attained the rank of Skirmisher. You entered the Gnomish Mines. You entered Minetown. You entered a temple. You attained the rank of Fighter. The Dungeons of Doom: levels 1 to 4 Level 1: Level 2: A general store, a fountain, a sink. Level 3: Stairs down to The Gnomish Mines. Level 4: An altar, a fountain. The Gnomish Mines: levels 4 to 12 Level 4: Level 5: Level 6: Many shops, a temple, some fountains. Level 7: Level 8: Level 9: Level 10: Level 11: Level 12: <- You were here. Final resting place for you, killed by a vampire lord. Game over: ---------- / \ / REST \ / IN \ / PEACE \ / \ | nazult | | 45 Au | | killed by a | | vampire lord | | | | | | 2023 | *| * * * | * _________)/\\_//(\/(/\)/\//\/|_)_______ Farvel nazult the Valkyrie... You died in The Gnomish Mines on dungeon level 12 with 6493 points, and 45 pieces of gold, after 4813 moves. You were level 5 with a maximum of 49 hit points when you died.